 Dungeon Crawl Stone Soup version 0.31-a0-851-g7ff8af7976 (webtiles) character file.

Game seed: 9991353017281558826

346 AiryTheDragon the Firebug (level 6, 0/50 HPs)
             Began as a Draconian Fire Elementalist on Oct 7, 2023.
             Slain by a gnoll
             ... wielding a +0 halberd
             ... led by a gnoll bouda
              (12 damage)
             ... on level 5 of the Dungeon.
             The game lasted 00:26:46 (3357 turns).

AiryTheDragon the Firebug (DrFE)                    Turns: 3357, Time: 00:26:50

Health: 0/50       AC:  7    Str: 10    XL:     6   Next: 32%
Magic:  2/10       EV: 17    Int: 15    God:
Gold:   413        SH:  0    Dex: 14    Spells: 4/10 levels left

rFire   . . .        t - +0 hand axe
rCold   . . .        (no shield)
rNeg    . . .        (body armour unavailable)
rPois   +            (helmet restricted)
rElec   .            (no cloak)
rCorr   .            q - +0 pair of gloves
SInv    .            (no boots)
Will    .....        m - amulet of magic regeneration
Stlth   ++           h - ring of poison resistance
HPRegen 0.28/turn    x - +5 ring of evasion
MPRegen 0.52/turn

%: no passive effects
@: weakened
A: AC +6, unfitting armour, cold-blooded
a: no special abilities


You were on level 5 of the Dungeon.
You visited 1 branch of the dungeon, and saw 5 of its levels.

You collected 413 gold pieces.

Inventory:

Hand Weapons
 d - a +3 dagger
 i - a +1 dagger of venom
 t - a +0 hand axe (weapon)
 v - a +0 whip of freezing
 A - a +0 halberd
Missiles
 s - 2 poisoned darts
Armour
 q - a +0 pair of gloves (worn)
Jewellery
 h - a ring of poison resistance (left hand)
 m - an amulet of magic regeneration (around neck)
 x - a +5 ring of evasion (right hand)
Wands
 g - a wand of quicksilver (10)
Scrolls
 f - a scroll of silence {unknown}
 j - a scroll of enchant weapon {unknown}
 l - 2 scrolls of teleportation {unknown}
 n - 2 scrolls of blinking {unknown}
 o - a scroll of revelation {unknown}
 r - 2 scrolls of enchant armour {unknown}
 w - a scroll of poison {unknown}
 y - a scroll of acquirement {unknown}
 B - a scroll of fear {unknown}
Potions
 a - a potion of magic
 e - a potion of enlightenment
 k - a potion of haste {unknown}
 p - a potion of mutation {unknown}
 u - a potion of resistance {unknown}
 z - a potion of invisibility {unknown}


   Skills:
 * Level 2.5 Fighting
 + Level 0.5 Short Blades
 + Level 0.7(1.0) Axes
 + Level 0.6(0.9) Polearms
 + Level 2.7 Dodging
 + Level 2.7 Stealth
 + Level 2.3 Unarmed Combat
 + Level 2.9 Spellcasting
 + Level 1.3 Conjurations
 + Level 3.9 Fire Magic


You had 4 spell levels left.
You knew the following spells:

 Your Spells              Type           Power      Damage    Failure   Level
a - Foxfire               Conj/Fire      40%        2x1d6     7%          1
b - Scorch                Fire           28%        2d6       6%          2
c - Mephitic Cloud        Conj/Pois/Air  3%         N/A       45%         3

Your spell library contained the following spells:

 Spells                   Type           Power      Damage    Failure   Level
 Inner Flame              Hex/Fire       8%         N/A       26%         3
 Volatile Blastmotes      Fire/Tloc      16%        2d11      26%         3
 Poisonous Vapours        Pois/Air       4%         N/A       30%         2
 Flame Wave               Conj/Fire      10%        2d6       56%         4
 Freezing Cloud           Conj/Ice/Air   1%         6-21      99%         5


Dungeon Overview and Level Annotations

Branches:
Dungeon (5/15)
 Temple: D:4-7

Altars:
Cheibriados
Gozag
Ru

Annotations:
D:4 Eustachio, Sigmund


Innate Abilities, Weirdness & Mutations

Your plain brown scales are hard. (AC +6)
You cannot fit into any form of body armour.
You are cold-blooded and may be slowed by cold attacks.


Message History

Confirm with . or Enter, or press ? or * to list all spells.
Okay, then.
As you read the scroll of butterflies, it crumbles to dust.
You hear the flapping of tiny wings.
The gnoll is knocked back by the sudden gust.
The gnoll bouda is knocked back by the sudden gust.
The gnoll is knocked back by the sudden gust. x2
The gnoll closely misses your butterfly.
The gnoll hits your butterfly with a +0 whip.
Your butterfly dies!
Your butterfly disappears in a burst of colours!
The gnoll bouda hits your butterfly with a +0 club!
Your butterfly dies!
Your butterfly disappears in a burst of colours!
Casting: Scorch (safe; 6% risk of failure)
Confirm with . or Enter, or press ? or * to list all spells.
Flames lash the gnoll.
The gnoll is burned terribly!
You kill the gnoll!
The gnoll barely misses your butterfly.
The gnoll completely misses your butterfly.
The gnoll barely misses your butterfly. The gnoll bouda misses your butterfly.
The gnoll barely misses your butterfly.
The gnoll bouda prays to its god.
The gnoll bouda is healed somewhat.
Casting: Scorch (safe; 6% risk of failure)
Confirm with . or Enter, or press ? or * to list all spells.
You don't have enough magic to cast this spell.
The gnoll hits your butterfly with a +0 whip.
Your butterfly dies!
Your butterfly disappears in a burst of colours!
The gnoll hits your butterfly with a +0 halberd.
Your butterfly dies!
Your butterfly disappears in a burst of colours!
You hit the gnoll bouda but do no damage.
The gnoll bouda is heavily wounded.
The gnoll bouda hits you with a +0 club!
* * * LOW HITPOINT WARNING * * *
The gnoll barely misses your butterfly.
The gnoll hits you from afar with a +0 halberd!
You die...

# #. ... #...
#.... #######
......#b..$.##
....bbg@b....#
.....g.bb.bb..#
....bbbgb.....#
....bb.b.bbbb.#
.bbbb..b.bb...#
...b.b...b....#
.^...b.......##
#.....#.....##


You could see a gnoll bouda (ally target) and 2 gnolls.

Vanquished Creatures
  An ogre (D:4)
  A hound (D:4)
  Natasha (D:4)
  Robin (D:4)
  6 gnolls
  6 adders
  A shadow imp (D:5)
  3 orcs (D:3)
  3 ball pythons (D:2)
  2 endoplasms
  4 giant cockroaches
  13 goblins
  14 hobgoblins
  3 quokkas
  3 bats
  2 frilled lizards (D:2)
  7 kobolds
  5 rats
76 creatures vanquished.

Vanquished Creatures (others)
  59 foxfires
59 creatures vanquished.

Grand Total: 135 creatures vanquished

Notes
Turn   | Place    | Note
-------+----------+-------------------------------------------
     0 | D:1      | AiryTheDragon the Draconian Fire Elementalist began the
                  | quest for the Orb.
     0 | D:1      | Reached XP level 1. HP: 14/14 MP: 3/3
   285 | D:1      | Reached XP level 2. HP: 20/20 MP: 5/5
   701 | D:1      | Learned a level 2 spell: Scorch
   920 | D:2      | Reached XP level 3. HP: 25/26 MP: 0/6
   996 | D:2      | Learned a level 3 spell: Mephitic Cloud
  1377 | D:2      | Reached skill level 1 in Unarmed Combat
  1436 | D:2      | Reached skill level 1 in Fighting
  1923 | D:3      | Reached XP level 4. HP: 31/35 MP: 7/7
  2199 | D:3      | Found a sacrificial altar of Ru.
  2361 | D:3      | You fall into a shaft and drop 1 floor!
  2377 | D:4      | Noticed Eustachio
  2392 | D:4      | Noticed an ogre
  2463 | D:3      | Reached XP level 5. HP: 41/41 MP: 8/8
  2558 | D:3      | Found a snail-covered altar of Cheibriados.
  2885 | D:4      | Found an opulent altar of Gozag.
  2991 | D:4      | Killed an ogre
  3132 | D:4      | Noticed Robin
  3158 | D:4      | Reached XP level 6. HP: 48/48 MP: 10/10
  3172 | D:4      | Killed Robin
  3263 | D:4      | Noticed Natasha
  3271 | D:4      | Killed Natasha
  3318 | D:4      | Noticed Sigmund
  3334 | D:5      | Entered Level 5 of the Dungeon
  3357 | D:5      | Slain by a gnoll

Illustrated notes

Levels and vault maps discovered:
D:1:      psy_arrival_fountain, layout_loops_ring
D:2:      layout_basic
D:3:      layout_loops_ring, mainiacjoe_overflow_small_starburst,
          nicolae_ru_sacrificial_ziggurat,
          nicolae_concentric_dashed_squares_wild, minmay_gold_behind_fungi,
          st_stairs_8, minmay_fractal_squares_gapless_5
D:4:      wad_crossroads, layout_rooms,
          nicolae_gozag_cash_rules_everything_around_me, uniq_natasha,
          uniq_robin, uniq_eustachio, uniq_sigmund
D:5:      layout_rooms, nicolae_overflow_two_pavilions

Skill      XL: |  1  2  3  4  5 |
---------------+----------------+-----
Stealth        | 2 |  2.7
Dodging        | 2 |  2.7
Unarmed Combat | 1 2 |  2.3
Fighting       | 1 2 |  2.5
Short Blades   | |  0.5
Axes           | |  0.7
Polearms       | |  0.6
Spellcasting   | |  2.9
Conjurations   | |  1.3
Fire Magic     | |  3.9

Action                     |  1- 3 |  4- 6 || total
---------------------------+-------+-------++-------
  Melee: Unarmed           |   135 |    24 ||   159
         Tailslap          |    28 |    10 ||    38
         Dagger            |    31 |       ||    31
         Punch             |     2 |     2 ||     4
         Hand axe          |       |    31 ||    31
         Halberd           |       |    40 ||    40
   Cast: Foxfire           |    12 |    21 ||    33
         Scorch            |     3 |    22 ||    25
         Mephitic Cloud    |       |     2 ||     2
    Use: Scroll            |       |     3 ||     3
         Potion            |       |     3 ||     3
   Stab: Sleeping          |     8 |     3 ||    11
         Confused          |       |     1 ||     1
 Armour: Skin              |    89 |   108 ||   197
  Dodge: Dodged            |   102 |    94 ||   196

Table legend: (Time is in decaauts)
 A = Elapsed time spent in this place.
 B = Non-inter-level travel time spent in this place.
 C = Inter-level travel time spent in this place.
 D = Time resting spent in this place.
 E = Time spent auto-exploring this place.
 F = Levels seen in this place.
 G = Mean time per level.
                   A        B        C        D        E       F      G
               +--------+--------+--------+--------+--------+-----+--------+
         Total |   3380 |   3247 |    133 |      0 |   2497 |   5 |  676.0 |
       Dungeon |   3380 |   3247 |    133 |      0 |   2497 |   5 |  676.0 |
               +--------+--------+--------+--------+--------+-----+--------+

Top non-repeatable levels by time:
     D:2: 1072 daAuts
     D:3: 981 daAuts
     D:1: 746 daAuts
     D:4: 557 daAuts
     D:5: 23 daAuts
